 Dungeon Crawl Stone Soup version 0.29.1-1-gd02db6906a (webtiles) character file.

Game seed: 15140273332632718612

20 ImASeal the Shield-Bearer (level 2, 0/29 HPs)
             Began as a Troll Fighter on Sept 28, 2022.
             Slain by a gnoll
             ... wielding a +0 spear
              (2 damage)
             ... on level 2 of the Dungeon.
             The game lasted 00:01:55 (728 turns).

ImASeal the Shield-Bearer (Troll Fighter)            Turns: 728, Time: 00:01:56

Health: 0/29       AC:  4    Str: 23    XL:     2   Next: 58%
Magic:  1/1        EV:  8    Int:  4    God:
Gold:   12         SH:  7    Dex:  9    Spells: 1/1 levels left

rFire   . . .      SeeInvis .   a - +0 flail
rCold   . . .      Faith    .   c - +0 kite shield
rNeg    . . .      Spirit   .   b - +0 robe
rPois   +          Reflect  .   (helmet restricted)
rElec   .          Harm     .   (no cloak)
rCorr   .          Rampage  .   (gloves unavailable)
Will    .....                   (boots unavailable)
Stlth   +.........              (no amulet)
HPRegen 0.89/turn               g - ring of poison resistance
MPRegen 0.07/turn               (no ring)

@: no status effects
A: large, unfitting armour, claws 3, regeneration 1, shaggy fur 1, tough skin 1
a: no special abilities


You were on level 2 of the Dungeon.
You visited 1 branch of the dungeon, and saw 2 of its levels.

You collected 12 gold pieces.

Inventory:

Hand Weapons
 a - a +0 flail (weapon)
Missiles
 f - 16 stones (quivered)
Armour
 b - a +0 robe (worn)
 c - a +0 kite shield (worn)
Magical Staves
 e - a staff of death
Jewellery
 g - a ring of poison resistance (left claw)
Scrolls
 k - a scroll of blinking {unknown}
 l - a scroll of teleportation {unknown}
 m - a scroll of identify {unknown}
 n - a scroll of poison {unknown}
Potions
 d - 2 potions of might
 h - a potion of brilliance {unknown}
 i - a potion of degeneration {unknown}
 j - a potion of mutation {unknown}


   Skills:
 + Level 2.5 Fighting
 * Level 2.3 Maces & Flails
 - Level 2.4 Dodging
 + Level 3.0 Shields


You had one spell level left.
You didn't know any spells.
Your spell library was empty.

Dungeon Overview and Level Annotations

Branches:
Dungeon (2/15)

Altars:


Innate Abilities, Weirdness & Mutations

You are too large for most types of armour.
You have claws for hands.
Your natural rate of healing is unusually fast.
You are covered in fur. (AC +1)
You have tough skin. (AC +1)


Message History

No target in view!
HP restored.
You see here a hobgoblin corpse.
Found a leather armour.
A gnoll comes into view. It is wielding a +0 club.
A gnoll comes into view. It is wielding a +0 halberd.
A gnoll comes into view. It is wielding a +0 spear.
The gnoll shouts!
You hear a shout!
A gnoll comes into view. It is wielding a +0 club.
The gnoll shouts!
The gnoll barely misses you.
A kobold comes into view. It is wielding a +0 dagger.
There is a shaft here.
The gnoll attacks as you move away! The gnoll hits you with a +0 club.
The gnoll falls through a shaft!
The shaft crumbles and collapses.
The kobold shouts!
Found 9 gold pieces.
You throw a stone. The stone barely misses the gnoll.
The gnoll hits you from afar with a +0 spear.
You completely miss the gnoll.
The gnoll hits you from afar with a +0 spear.
The gnoll hits you with a +0 club. The gnoll completely misses you.
You hit the gnoll.
The gnoll is lightly wounded.
The gnoll closely misses you. The gnoll hits you with a +0 club.
You block the gnoll's attack. The gnoll barely misses you. x2
The gnoll completely misses you.
You barely miss the gnoll.
The gnoll is lightly wounded.
You block the gnoll's attack. x2
The gnoll hits you from afar with a +0 spear.
You barely miss the gnoll.
The gnoll is lightly wounded.
You block the gnoll's attack.
The gnoll hits you from afar with a +0 spear.
The gnoll hits you with a +0 halberd!
* * * LOW HITPOINT WARNING * * *
The gnoll closely misses you.
The gnoll hits you from afar with a +0 spear.
You die...

# #....#..........
#....##.....#.#.....
#....##.#.###.######
....##.#.# #..#
#...##...###..#
#...###...##†.#
#...+.........#
...###...#....#g...####
.....?..g...#Kg@......##.
............#.#..........
...#..........g.######...
. #.########.#....... ..
#. #.#...#### # #
#[#..... #.#$#.##..
#.#.#.# # #.#.#.#


You could see 3 gnolls and a kobold.

Vanquished Creatures
  A dart slug (D:1)
  An endoplasm (D:1)
  A goblin (D:1)
  A hobgoblin (D:2)
  2 kobolds (D:1)
  2 quokkas (D:1)
  5 ball pythons (D:1)
  2 bats (D:1)
  A rat (D:2)
16 creatures vanquished.

Notes
Turn   | Place    | Note
-------+----------+-------------------------------------------
     0 | D:1      | ImASeal the Troll Fighter began the quest for the Orb.
     0 | D:1      | Reached XP level 1. HP: 22/22 MP: 0/0
   156 | D:1      | Reached XP level 2. HP: 27/29 MP: 1/1
   211 | D:1      | Reached skill level 3 in Shields
   728 | D:2      | Slain by a gnoll

Illustrated notes

Levels and vault maps discovered:
D:1:      minmay_arrival_open_corners, layout_loops_ring
D:2:      layout_basic

Skill      XL: |  1  2 |
---------------+-------+-----
Maces & Flails | 2 |  2.3
Shields        | 3 |  3.0
Fighting       | |  2.5
Dodging        | |  2.4

Action                   || total
-------------------------++-------
Melee: Flail             ||    59
Throw: Stone             ||     1
 Stab: Distracted        ||     1
Armor: Robe              ||    23
Dodge: Dodged            ||    36
Block: Kite shield       ||    23
